 Dungeon Crawl Stone Soup version 0.26-a0-651-gb41185065b (webtiles) character file.

Game seed: 3195235582315845941

30998 Flugslaktarn the Cleaver (level 13, -11/127 HPs)
             Began as a Deep Dwarf Fighter on Sept 30, 2020.
             Was a High Priest of Makhleb.
             Killed from afar by a necromancer (39 damage)
             ... with a bolt of cold
             ... on level 14 of the Dungeon.
             The game lasted 00:07:59 (9421 turns).

Flugslaktarn the Cleaver (Deep Dwarf Fighter)       Turns: 9421, Time: 00:08:00

Health: -11/127    AC: 22    Str: 29    XL:     13   Next: 23%
Magic:  7/7        EV: 11    Int: 11    God:    Makhleb [*****.]
Gold:   777        SH: 11    Dex: 12    Spells: 12/12 levels left

rFire    + + +     SeeInvis .   p - +4 war axe (curse)
rCold    . . .     Faith    +   F - +0 kite shield {rF+}
rNeg     + . .     Spirit   .   C - +4 chain mail {rF+}
rPois    +         Reflect  .   (no helmet)
rElec    .         Harm     .   D - +2 cloak {rPois}
rCorr    .         Rampage  .   B - +2 pair of gloves
MR       +....                  (no boots)
Stlth    ..........             A - amulet of faith
HPRegen  0.00/turn              g - ring "Dusoopno" {rF+ rN+}
MPRegen  0.10/turn              i - +6 ring of strength

@: non-regenerating
A: damage resistance, heal wounds, sense surroundings 2, no regeneration
a: Heal Wounds, Minor Destruction, Lesser Servant of Makhleb, Major Destruction,
Greater Servant of Makhleb, Renounce Religion


You were on level 14 of the Dungeon.
You worshipped Makhleb.
Makhleb was extremely pleased with you.
You visited 2 branches of the dungeon, and saw 15 of its levels.

You collected 777 gold pieces.

Inventory:

Hand Weapons
 p - a cursed +4 war axe (weapon)
   (You took it off a wight on level 10 of the Dungeon)
Missiles
 j - a throwing net (quivered)
Armour
 B - a +2 pair of gloves (worn)
   (You found it on level 8 of the Dungeon)
 C - a +4 chain mail of fire resistance (worn)
   (You took it off Harold on level 8 of the Dungeon)
 D - a +2 cloak of poison resistance (worn)
   (You found it on level 8 of the Dungeon)
 F - a +0 kite shield of fire resistance (worn)
   (You found it on level 12 of the Dungeon)
Jewellery
 c - an uncursed ring of protection from cold
   (You found it on level 8 of the Dungeon)
 g - the ring "Dusoopno" (left hand) {rF+ rN+}
   (You took it off an orc on level 13 of the Dungeon)

   [ring of protection from fire]

   It protects you from fire.
   It protects you from negative energy.
 i - a +6 ring of strength (right hand)
   (You found it on level 6 of the Dungeon)
 m - an uncursed ring of protection from magic
   (You found it on level 12 of the Dungeon)
 n - an uncursed amulet of reflection
   (You found it on level 10 of the Dungeon)
 A - an amulet of faith (around neck)
   (You found it on level 12 of the Dungeon)
Wands
 a - a wand of paralysis (15)
   (You found it on level 3 of the Dungeon)
 k - a wand of acid (7)
   (You took it off an orc on level 6 of the Dungeon)
Scrolls
 b - a scroll of fog
 f - 5 scrolls of magic mapping
 r - 2 scrolls of identify
 s - 5 scrolls of enchant weapon
 t - 9 scrolls of teleportation
 u - 2 scrolls of immolation
 v - a scroll of enchant armour
 x - 5 scrolls of remove curse
 y - a scroll of fear
Potions
 d - 2 potions of might
 e - 3 potions of mutation
 h - a potion of haste
 l - a potion of lignification
 q - 9 potions of curing
 w - a potion of heal wounds
 z - 2 potions of flight
 G - 2 potions of stabbing


   Skills:
 * Level 11.2 Fighting
 * Level 12.8 Axes
 + Level 9.8 Armour
 - Level 7.5 Dodging
 + Level 6.0 Shields
 + Level 9.4 Invocations
 + Level 9.4 Evocations


You had 12 spell levels left.
You didn't know any spells.
Your spell library was empty.

Dungeon Overview and Level Annotations

Branches:
Dungeon (14/15)            Temple (1/1) D:6            Lair (0/6) D:9
    Orc (0/2) D:10
 Vaults: D:13-14

Altars:
Ashenzari
Cheibriados
Dithmenos
Elyvilon
Fedhas
Gozag
Hepliaklqana
Kikubaaqudgha
Makhleb
Nemelex Xobeh
Okawaru
Qazlal
Ru
Sif Muna
Trog
Uskayaw
Vehumet
Wu Jian
Xom
Yredelemnul
Zin

Shops:
D:6 (


Innate Abilities, Weirdness & Mutations

You are resistant to damage.
You can heal yourself by infusing magical energy.
You passively map the area around you.
You do not regenerate.


Message History

Something hits you but does no damage.
You block the brown ugly thing's attack.
The wizard closely misses you.
Evoke which item? (* to show all) (? for menu, Esc to quit)
Aiming: Corrosive Bolt
Press: ? - help, Shift-Dir - straight line, f - wizard
Aim: a wizard, wielding a +0 dagger and wearing a +0 robe (severely wounded, fast, soul bound)
The bolt of acid misses the wizard.
The bolt of acid misses the brown ugly thing.
The bolt of acid hits the centaur warrior!!
The centaur warrior is splashed with acid.
The acid corrodes the centaur warrior!
The centaur warrior is heavily wounded.
The wizard hits you but does no damage.
The two-headed ogre hits you with a +0 giant club.
You block the two-headed ogre's attack.
You hear some strange, mumbled words.
A bolt of cold appears from out of thin air!
The bolt of cold hits you!!!
You die...

* #.....#
#....... , ,,
#.....# #.).....
*,, + #.....#
#....... , *
*#...#####.......
, , , ,
#...'(.........>
* , * * *
#...#####.......
,, #...# ##.#####
*, , ,
#'#######...#
#.##
...c.up@.+###
#..## ......{Ou.#
##..## * *
.......u..# ##..#
* *####'######
##.# * *,...,
###.## ,, * ...∩
###...). #.., * *
#........ , ###*
,...##..... , ,
**## #.....


You could see 3 ugly things, a centaur warrior (soul bound, corroded), a
two-headed ogre (soul bound) and a wizard (fast, soul bound).

Vanquished Creatures
  Harold (D:8)
  A hydra (D:13)
  2 centaur warriors (D:13)
  2 two-headed ogres
  A death knight (D:12)
  A tengu warrior (D:13)
  A skeletal warrior (D:13)
  An unseen horror (D:12)
  A necromancer (D:12)
  An orc knight (D:13)
  Pikel (D:8)
  7 ugly things
  A faun (shapeshifter) (D:13)
  5 cyclopes
  A manticore (D:13)
  3 centaur zombies
  2 gargoyles
  2 komodo dragons
  A yaktaur (D:13)
  A meliai (D:13)
  9 trolls
  A hornet (D:10)
  6 hippogriffs
  A meliai zombie (D:12)
  2 shadows (D:13)
  Grum (D:8)
  25 yaks
  4 wyverns
  7 vampire mosquitoes
  2 acid dragons (D:13)
  A water moccasin (D:6)
  A black bear (shapeshifter) (D:13)
  4 orc warriors
  2 sky beasts
  An ice beast (D:6)
  4 centaurs
  8 ogres
  2 wolves (D:8)
  5 phantoms
  4 lemures
  5 big kobolds
  7 bullfrogs
  A gnoll sergeant (D:10)
  A water moccasin zombie (D:5)
  4 wyvern skeletons
  A scorpion (D:12)
  4 killer bees (D:9)
  4 wights (D:10)
  2 howler monkeys (D:9)
  An electric eel (D:9)
  6 jellies
  7 hounds
  2 quasits (D:7)
  A bullfrog zombie (D:11)
  5 bullfrog skeletons
  2 centaur skeletons
  12 orc wizards
  5 orc priests
  4 iguanas
  8 worker ants
  4 polar bear simulacra (D:12)
  2 yak simulacra (D:12)
  3 wolf simulacra (D:12)
  A hound zombie (D:11)
  2 hound skeletons
  2 worker ant zombies
  3 gnolls (D:10)
  15 adders
  4 shadow imps
  6 white imps
  2 ufetubi (D:10)
  2 oozes
  3 adder skeletons
  A worm (D:2)
  A dart slug (D:5)
  4 leopard geckos
  42 orcs
  4 giant cockroaches
  2 goblins (D:3)
  A hobgoblin (D:3)
  8 jackals
  26 kobolds
  3 quokkas
  3 bats
  3 frilled lizards
  A jackal skeleton (D:8)
  3 quokka skeletons
  2 rats
  2 river rat simulacra (D:12)
363 creatures vanquished.

Vanquished Creatures (others)
  A kobold (D:12)
  25 plants (D:9)
26 creatures vanquished.

Grand Total: 389 creatures vanquished

Notes
Turn   | Place    | Note
-------+----------+-------------------------------------------
     0 | D:1      | Flugslaktarn the Deep Dwarf Fighter began the quest for the
                  | Orb.
     0 | D:1      | Reached XP level 1. HP: 20/20 MP: 1/1
   220 | D:3      | Reached XP level 2. HP: 20/27 MP: 2/2
   351 | D:3      | Found a sacrificial altar of Ru.
   398 | D:3      | Reached skill level 3 in Axes
   398 | D:3      | Reached XP level 3. HP: 7/34 MP: 3/3
   502 | D:3      | You fall into a shaft and drop 2 floors!
   502 | D:5      | Entered Level 5 of the Dungeon
   514 | D:5      | Reached XP level 4. HP: 42/42 MP: 4/4
   651 | D:4      | Reached XP level 5. HP: 28/50 MP: 5/5
   674 | D:4      | Reached skill level 4 in Axes
   757 | D:4      | Noticed an ogre
   763 | D:4      | Killed an ogre
   763 | D:4      | Reached XP level 6. HP: 23/58 MP: 4/4
   772 | D:4      | Reached skill level 1 in Dodging
   861 | D:4      | Reached skill level 5 in Axes
   861 | D:4      | Reached XP level 7. HP: 52/66 MP: 3/3
  1190 | D:5      | Found an iron altar of Okawaru.
  1288 | D:5      | Reached skill level 5 in Fighting
  1323 | D:5      | Reached skill level 5 in Armour
  1908 | D:6      | Found a sparkling altar of Nemelex Xobeh.
  1923 | D:6      | Reached skill level 6 in Axes
  1952 | D:6      | Reached XP level 8. HP: 54/75 MP: 2/2
  2063 | D:6      | Found a staircase to the Ecumenical Temple.
  2092 | D:6      | Reached skill level 1 in Evocations
  2095 | Temple   | Entered the Ecumenical Temple
  2167 | Temple   | Became a worshipper of Makhleb the Destroyer
  2332 | D:6      | Found Felop's Weapon Shoppe.
  2343 | D:6      | Reached skill level 1 in Invocations
  2345 | D:6      | Reached skill level 7 in Axes
  2500 | D:6      | Gained mutation: You passively map the area around you.
                  | [Deep Dwarf growth]
  2500 | D:6      | Reached XP level 9. HP: 41/85 MP: 2/2
  3259 | D:7      | Reached * piety under Makhleb
  3571 | D:8      | Noticed Harold
  3602 | D:8      | Killed Harold
  3602 | D:8      | Reached skill level 8 in Axes
  3666 | D:8      | Noticed Grum
  3695 | D:8      | Reached skill level 5 in Dodging
  3714 | D:8      | HP: 3/86 [Grum/-1 spear (7)]
  3716 | D:8      | Killed Grum
  3775 | D:8      | Noticed Pikel
  3796 | D:8      | Killed Pikel
  3796 | D:8      | Reached XP level 10. HP: 31/96 MP: 1/1
  3932 | D:8      | Reached skill level 9 in Axes
  4005 | D:8      | Reached ** piety under Makhleb
  4093 | D:8      | Reached skill level 5 in Evocations
  4174 | D:8      | Found an opulent altar of Gozag.
  4513 | D:9      | Found a staircase to the Lair.
  4528 | D:9      | Reached skill level 5 in Invocations
  5023 | D:9      | Found a stormy altar of Qazlal.
  5023 | D:9      | Found a broken altar of Ashenzari.
  5023 | D:9      | Found a white marble altar of Elyvilon.
  5023 | D:9      | Found a hazy altar of Hepliaklqana.
  5023 | D:9      | Found a shimmering blue altar of Sif Muna.
  5025 | D:9      | Found a blossoming altar of Fedhas.
  5028 | D:9      | Found a shimmering altar of Xom.
  5460 | D:10     | Entered Level 10 of the Dungeon
  5478 | D:10     | Found a staircase to the Orcish Mines.
  5480 | D:10     | Noticed a two-headed ogre
  5493 | D:10     | Killed a two-headed ogre
  5493 | D:10     | Reached skill level 10 in Axes
  5538 | D:10     | Reached *** piety under Makhleb
  5669 | D:10     | Reached XP level 11. HP: 75/104 MP: 3/3
  5939 | D:10     | Reached **** piety under Makhleb
  7103 | D:12     | Noticed a death knight
  7143 | D:12     | Killed a death knight
  7179 | D:12     | Noticed a necromancer
  7191 | D:12     | Killed a necromancer
  7194 | D:12     | Reached skill level 11 in Axes
  7217 | D:12     | Reached ***** piety under Makhleb
  7583 | D:12     | Killed an unseen horror
  7612 | D:12     | Reached XP level 12. HP: 94/116 MP: 5/5
  7614 | D:12     | Reached skill level 10 in Fighting
  8049 | D:13     | Noticed a six-headed hydra
  8069 | D:13     | Killed a 15-headed hydra
  8144 | D:13     | Noticed a centaur warrior
  8174 | D:13     | Killed a centaur warrior
  8185 | D:13     | Noticed a tengu warrior
  8196 | D:13     | Identified the +7 morningstar of the King {speed, rPois
                  | Stlth+}
  8209 | D:13     | Reached skill level 12 in Axes
  8225 | D:13     | Killed a tengu warrior
  8225 | D:13     | Reached skill level 5 in Shields
  8299 | D:13     | Noticed a centaur warrior
  8305 | D:13     | Identified the ring "Dusoopno" {rF+ rN+}
  8320 | D:13     | Killed a centaur warrior
  8858 | D:13     | Reached XP level 13. HP: 127/127 MP: 6/6
  9421 | D:14     | Killed from afar by a necromancer

Illustrated notes

Levels and vault maps discovered:
D:1:      scummos_arrival_hexagon, layout_loops_cross
D:2:      minmay_inner_zag, layout_basic, lemuel_round_altar,
          uniq_crazy_yiuf_cottage
D:3:      layout_loops_cross, lemuel_crystal_altar, doesnt_xom_only_xom
D:4:      layout_cave_pools, minmay_close_crescents
D:5:      layout_loops_ring, okawaru_gym_becter
D:6:      minmay_evil_eye, layout_layer_cave, minmay_temple_entry_glass,
          serial_shops, shop, nemelex_dance_club_becter
D:7:      layout_cave_pools
D:8:      cheibrodos_iron_armory, layout_cave_pools, basic_altar,
          grunt_potential, uniq_harold, uniq_grum, uniq_pikel
D:9:      layout_basic, minitemple, david_lair_shrubbed, serial_bayou,
          serial_bayou_pond_c, serial_bayou_pond_d, serial_bayou_pond_e,
          serial_bayou_ford_a, hangedman_abyss_or_decor_lesser_grid,
          minivault_27
D:10:     layout_basic, orc_0_dummy
D:11:     layout_cave_pods
D:12:     layout_stronghold, eino_house_with_fridge
D:13:     minmay_the_grid_octo_triangle [minmay_the_grid_octo_focus,
          minmay_the_grid_octo_prize_ultimate_mussel_roller,
          minmay_the_grid_octo_horde], layout_long_grid
D:14:     layout_roguey, david_vaults_1, serial_curves, eino_curves_01,
          eino_curves_03, nicolae_water_bricks, lemuel_nasty_fountain
Temple:   nicolae_temple_god_jail

Skill      XL: |  1  2  3  4  5  6  7  8  9 10 11 12 13 |
---------------+----------------------------------------+-----
Fighting       | 3 4 5 6 7 8 9 11 | 11.2
Axes           | 3 4 5 6 7 8 10 11 12 | 12.8
Armour         | 4 5 6 7 8 9 |  9.8
Shields        | 4 5 6 |  6.0
Dodging        | 1 2 4 5 6 7 |  7.5
Evocations     | 2 4 6 7 9 |  9.4
Invocations    | 2 4 6 7 9 |  9.4

Action                   |  1- 3 |  4- 6 |  7- 9 | 10-12 | 13-15 || total
-------------------------+-------+-------+-------+-------+-------++-------
Melee: War axe           |    66 |   113 |   410 |   857 |    89 ||  1535
 Abil: Heal Wounds       |     2 |     8 |    20 |    10 |     1 ||    41
Evoke: Wand              |       |       |     3 |     5 |     1 ||     9
  Use: Scroll            |       |       |     9 |     9 |     6 ||    24
       Potion            |       |       |     2 |       |       ||     2
 Stab: Paralysed         |       |       |     4 |     1 |       ||     5
Armor: Scale mail        |    28 |    69 |   171 |    29 |       ||   297
       Chain mail        |       |       |       |   446 |    36 ||   482
Dodge: Dodged            |    28 |    61 |   186 |   345 |    34 ||   654
Block: Kite shield       |    50 |    76 |   252 |   650 |    54 ||  1082
       Reflection        |       |       |       |    15 |       ||    15

Table legend: (Time is in decaauts)
 A = Elapsed time spent in this place.
 B = Non-inter-level travel time spent in this place.
 C = Inter-level travel time spent in this place.
 D = Time resting spent in this place.
 E = Time spent auto-exploring this place.
 F = Levels seen in this place.
 G = Mean time per level.
                   A        B        C        D        E       F      G
               +--------+--------+--------+--------+--------+-----+--------+
         Total |   9623 |   9059 |    564 |      0 |   6241 |  15 |  641.5 |
       Dungeon |   9541 |   8999 |    542 |      0 |   6184 |  14 |  681.5 |
        Temple |     82 |     60 |     22 |      0 |     57 |   1 |   82.0 |
               +--------+--------+--------+--------+--------+-----+--------+

Top non-repeatable levels by time:
     D:6: 1250 daAuts
     D:9: 1044 daAuts
    D:12: 1038 daAuts
    D:13: 985 daAuts
    D:10: 922 daAuts
     D:8: 865 daAuts
     D:5: 788 daAuts
    D:11: 642 daAuts
     D:4: 599 daAuts
     D:7: 498 daAuts
    D:14: 373 daAuts
     D:3: 249 daAuts
     D:1: 144 daAuts
     D:2: 137 daAuts
  Temple: 82 daAuts
